 Dungeon Crawl Stone Soup version 0.22-a0-348-gd16d139 (webtiles) character file.

30 BaronVonScrub the Magician (level 3, 0/24 HPs)
             Began as a Demonspawn Wizard on Apr 8, 2018.
             Succumbed to an adder's poison
             ... on level 2 of the Dungeon.
             The game lasted 00:08:50 (1420 turns).

BaronVonScrub the Magician (Demonspawn Wizard)      Turns: 1420, Time: 00:08:51

Health: 0/24       AC:  3    Str:  5 (7)  XL:     3   Next: 5%
Magic:  1/8        EV: 12    Int: 22      God:
Gold:   36         SH:  0    Dex:  9 (11) Spells: 8/9 levels left

rFire    . . .     SeeInvis .   i - +0 hand axe (elec)
rCold    + . .     Gourm    .   (no shield)
rNeg     . . .     Faith    .   h - +0 robe
rPois    .         Spirit   .   b - +0 hat
rElec    .         Reflect  .   (no cloak)
rCorr    .         Harm     .   (no gloves)
MR       +....                  k - +0 pair of boots
Stlth    ++........             (no amulet)
HPRegen  0.08/turn              e - ring of protection from magic
MPRegen  0.11/turn              (no ring)

@: lethally poisoned (0 -> -12), very slightly contaminated
A: blink, clever 1, cold resistance 1, powered by pain 1, rot immunity
a: Blink


You were on level 2 of the Dungeon.
You were not hungry.

You visited 1 branch of the dungeon, and saw 2 of its levels.

You collected 36 gold pieces.

Inventory:

Hand Weapons
 f - a +0 dagger
 i - a +0 hand axe of electrocution (weapon)
Armour
 a - a +0 robe
 b - a +0 hat (worn)
 h - a +0 robe (worn)
 k - a +0 pair of boots (worn)
Jewellery
 e - a ring of protection from magic (left hand)
Scrolls
 g - a scroll of identify
Potions
 c - a potion of haste
Comestibles
 d - 4 rations


   Skills:
 - Level 2.0 Dodging
 + Level 1.9 Stealth
 + Level 3.8 Spellcasting
 + Level 1.1 Conjurations
   Level 1.0 Summonings
   Level 0.8 Translocations


You had 8 spell levels left.
You knew the following spells:

 Your Spells              Type           Power        Failure   Level  Hunger
a - Magic Dart            Conj           #...         8%          1    None


Dungeon Overview and Level Annotations

Branches:
Dungeon (2/15)

Altars:


Innate Abilities, Weirdness & Mutations

You sometimes gain a little power by taking damage.
You are immune to rotting.
You can translocate small distances at will.
Your mind is acute. (Int +2)
Your flesh is cold resistant. (rC+)


Message History

Increase (S)trength, (I)ntelligence, or (D)exterity?
Uppercase letters only, please.
You feel clever.
Your demonic ancestry asserts itself...
You feel energised by your suffering.
* * * LOW HITPOINT WARNING * * *
You feel sick.
There is a lethal amount of poison in your body!
There is a lethal amount of poison in your body!
There is a lethal amount of poison in your body!
There is a lethal amount of poison in your body!
* * * LOW HITPOINT WARNING * * *
You feel sick.
* * * LOW HITPOINT WARNING * * *
You feel sick.
Found a robe.
* * * LOW HITPOINT WARNING * * *
You feel sick.
* * * LOW HITPOINT WARNING * * *
You feel sick.
You die...

#..........#
...........#
#.........####.
#.........#...
#####...........##.
....##.........[...
#.....†%.........
#.......@.<...#
#.....?.......#
.....#<†..........#
.##..............##
#..##.......#.##
.... ##.....##.#
#... ..#....# #
#.## ##....#.. #..
.##....


There were no monsters in sight!

Vanquished Creatures
  An adder (D:2)
  A dart slug (D:2)
  2 giant cockroaches (D:2)
  5 goblins (D:1)
  3 hobgoblins (D:1)
  2 bats (D:1)
  3 kobolds (D:1)
  A rat (D:1)
18 creatures vanquished.

Notes
Turn   | Place    | Note
-------+----------+-------------------------------------------
     0 | D:1      | BaronVonScrub the Demonspawn Wizard began the quest for the Orb.
     0 | D:1      | Reached XP level 1. HP: 13/13 MP: 4/4
    68 | D:1      | Gained mutation: Your flesh is cold resistant. (rC+) [potion of mutation]
    68 | D:1      | Gained mutation: Your mind is acute. (Int +2) [potion of mutation]
    68 | D:1      | Gained mutation: You can translocate small distances at will. [potion of mutation]
   742 | D:1      | Gained mutation: You are immune to rotting. [demonic ancestry]
   742 | D:1      | Reached XP level 2. HP: 19/19 MP: 4/6
  1415 | D:2      | Gained mutation: You sometimes gain a little power by taking damage. [demonic ancestry]
  1415 | D:2      | Reached XP level 3. HP: 7/24 MP: 1/8
  1419 | D:2      | HP: 1/24 [poisoned by an adder]
  1420 | D:2      | Succumbed to an adder's poison

Vault maps used:
D:1:      lightli_arrival_flooded_house
D:2:      amethyst_overflow_temple_binary, lightli_temple_of_fire

Skill      XL: |  1 |
---------------+----+-----
Dodging        | 2 |  2.0
Stealth        | |  1.9
Spellcasting   | |  3.8
Conjurations   | |  1.1
Summonings     | |  1.0
Translocations | |  0.8

Action                   || total
-------------------------++-------
Melee: Unarmed           ||     8
       Hand axe          ||     5
 Cast: Magic Dart        ||    51
 Abil: Blink             ||     6
  Use: Potion            ||     4
       Scroll            ||     3
  Eat: Chunk             ||     2
Armor: Robe              ||     6
Dodge: Dodged            ||    18

Table legend:
 A = Spawn XP
 B = Non-spawn XP
 C = Spawn XP percentage of total XP
 D = Spawn monster count
 E = Non-spawn monster count
 F = Spawn count percentage of total count
 G = Total turns spent on level
                    A         B        C        D         E        F      G
               +---------+---------+-------+---------+---------+-------+---------
         Total |       0 |      44 |   0.0 |       0 |      18 |   0.0 |  1420
               +---------+---------+-------+---------+---------+-------+---------
           D:1 |       0 |      23 |   0.0 |       0 |      14 |   0.0 |  1283
           D:2 |       0 |      21 |   0.0 |       0 |       4 |   0.0 |   137
               +---------+---------+-------+---------+---------+-------+---------
